 Dungeon Crawl Stone Soup version 0.29.0-4-gdea44cf6ec (webtiles) character file.

Game seed: 16407959772765255557

640 qw the Cleaver (level 7, -2/54 (59) HPs)
             Began as a Minotaur Fighter on Sept 4, 2022.
             Slain by Edmund
             ... wielding a +0 flail of draining
              (5 damage)
             ... on level 5 of the Dungeon.
             The game lasted 00:01:47 (5018 turns).

qw the Cleaver (Minotaur Fighter)                   Turns: 5018, Time: 00:01:48

HP:   -2/54 (59)    AC:  9    Str: 22    XL:     7   Next: 26%
MP:   0/6           EV:  7    Int:  5    God:
Gold: 245           SH:  4    Dex: 10    Spells: 6/6 levels left

rFire   . . .      SeeInvis .   Y - +0 war axe
rCold   . . .      Faith    .   c - +0 buckler
rNeg    . . .      Spirit   +   k - +0 chain mail
rPois   .          Reflect  .   (helmet restricted)
rElec   .          Harm     .   (no cloak)
rCorr   .          Rampage  .   (no gloves)
Will    .....                   (no boots)
Stlth   ..........              a - amulet of guardian spirit
HPRegen 0.18/turn               (no ring)
MPRegen 0.10/turn               (no ring)

@: drained
A: horns 2, retaliatory headbutt
a: no special abilities


You were on level 5 of the Dungeon.
You visited 1 branch of the dungeon, and saw 5 of its levels.
You also visited: Sewer.

You collected 245 gold pieces.


Innate Abilities, Weirdness & Mutations

You have a pair of horns on your head.
You reflexively headbutt those who attack you in melee.


   Skills:
 - Level 4.0 Fighting
 + Level 8.9 Axes
 - Level 2.4 Throwing
 - Level 3.6 Armour
 - Level 1.0 Dodging
 - Level 3.6 Shields


You had 6 spell levels left.
You didn't know any spells.
Your spell library was empty.

Inventory:

Hand Weapons
 o - a +0 flail
 Y - a +0 war axe (weapon)
Missiles
 p - 6 javelins (quivered)
Armour
 c - a +0 buckler (worn)
 k - a +0 chain mail (worn)
Jewellery
 a - an amulet of guardian spirit (around neck)
Scrolls
 j - a scroll of identify
Potions
 d - 3 potions of might
 e - a potion of cancellation
 f - 2 potions of curing
 g - a potion of resistance
 m - a potion of mutation
 n - a potion of experience {unknown}

Dungeon Overview and Level Annotations

Branches:
Dungeon (5/15)              Sewer (visited)
 Temple: D:4-7

Altars:

Shops:
D:3 (

Annotations:
D:5 Edmund


Message History

The ice beast is severely wounded.
Your surroundings seem slightly different.
An orc wizard comes into view. It is wielding a +0 dagger.
Found a ring mail.
The orc wizard shouts!
You hear a shout! x2
You block Edmund's attack.
The orc wizard gestures at you while chanting.
The magic dart hits you but does no damage.
Enter note: You hit Edmund but do no damage.
Edmund hits you with a +0 flail of draining.
You feel drained.
You hit Edmund but do no damage. You headbutt Edmund, but do no damage.
You block Edmund's attack.
You hit Edmund.
Edmund is lightly wounded.
Edmund hits you with a +0 flail of draining.
You feel drained.
An orc comes into view.
It is wielding a +0 hand axe of draining.
The gnoll hits you from afar with a +0 spear.
You slash Edmund!
Edmund is heavily wounded.
You hit the gnoll but do no damage.
Edmund hits you with a +0 flail of draining.
You feel drained.
An orc wizard comes into view. It is wielding a +0 dagger.
The gnoll hits you with a +0 whip. The gnoll hits you but does no damage.
The orc wizard shouts!
You hit the ice beast but do no damage.
The ice beast is severely wounded.
You hit the gnoll. You closely miss Edmund.
Edmund hits you with a +0 flail of draining.
You feel drained. You block the gnoll's attack.
The ice beast hits you but does no damage.
The gnoll hits you but does no damage.
You closely miss the ice beast. Your headbutt misses the ice beast.
The ice beast is severely wounded.
You slash the gnoll! You hit Edmund but do no damage.
Edmund hits you with a +0 flail of draining.
You die...

####...#.....
............ .# ...
#......... .# ....
#......... ###.##..# .
.......## #......#
<..###..)).###.....###.
#.......#.............
#####.......g.@.....[.
#.<.........g@.....#
#....##.....Y#.......
#.....##.>......o.....
.....##.#...............
...## #.#...............
### ..#............o..
###....... .....o.
....... .......


You could see Edmund, an ice beast, 2 orc wizards, 2 gnolls and an orc.

Vanquished Creatures
  A water moccasin (Sewer)
  Pargi (D:3)
  A centaur (D:4)
  A kobold brigand (D:4)
  Ijyb (D:5)
  2 iguanas (D:4)
  4 adders
  6 gnolls
  A shadow imp (D:4)
  2 ufetubi (D:4)
  A worm (D:4)
  A dart slug (D:1)
  5 orcs
  12 endoplasms
  7 giant cockroaches
  8 goblins
  A hobgoblin (D:1)
  2 jackals (D:4)
  6 quokkas
  6 ball pythons
  7 bats
  A frilled lizard (D:1)
  14 kobolds
  3 rats
94 creatures vanquished.

Notes
Turn   | Place    | Note
-------+----------+-------------------------------------------
     0 | D:1      | qw the Minotaur Fighter began the quest for the Orb.
     0 | D:1      | Reached XP level 1. HP: 19/19 MP: 0/0
     0 | D:1      | 0 ||| qw: Version: 0.1-a-103-gd6f5d3a
     0 | D:1      | 0 ||| qw: Game counter: 5430
     0 | D:1      | 0 ||| qw: Always use a shield: true
     0 | D:1      | 0 ||| qw: God list: Ru
     0 | D:1      | 0 ||| qw: Allow faded altars: false
     0 | D:1      | 0 ||| qw: Do Orc after D:15 true
     0 | D:1      | 0 ||| qw: Do second Lair branch before Depths: true
     0 | D:1      | 0 ||| qw: Lair rune preference: random
     0 | D:1      | 0 ||| qw: Plans: Normal
     0 | D:1      | 0 ||| PLANNING D:1-11
   110 | D:1      | 110 ||| Stepping ~*~*~tactically~*~*~ (hiding).
   114 | D:1      | Reached skill level 3 in Axes
   276 | D:1      | Reached XP level 2. HP: 23/26 MP: 1/1
   315 | D:1      | 315 ||| Stepping ~*~*~tactically~*~*~ (stealth).
   316 | D:1      | 316 ||| Stepping ~*~*~tactically~*~*~ (stealth).
   317 | D:1      | 317 ||| Stepping ~*~*~tactically~*~*~ (stealth).
   385 | D:1      | Reached skill level 4 in Axes
   578 | D:1      | Reached XP level 3. HP: 31/31 MP: 2/2
   737 | D:1      | Found a faded altar of an unknown god.
  1143 | D:1      | 1143 ||| READING scroll labelled CODEEBBY XEFRO.
  1144 | D:1      | 1144 ||| READING scroll labelled HOBOPL TEUSO.
  1145 | D:1      | 1145 ||| DRINKING 2 viscous cyan potions.
  1146 | D:1      | 1146 ||| Stepping randomly (stuck).
  1147 | D:1      | 1147 ||| Stepping ~*~*~tactically~*~*~ (cloud).
  1156 | D:1      | HP: 7/31 [poisoned by you (poison gas)]
  1809 | D:2      | Reached skill level 5 in Axes
  2047 | D:2      | Reached skill level 1 in Dodging
  2047 | D:2      | Reached XP level 4. HP: 32/39 MP: 3/3
  2378 | D:2      | 2378 ||| READING scroll labelled DIONED NOL.
  2381 | D:2      | 2381 ||| READING scroll labelled NENKUMMUGEO.
  2382 | D:2      | 2382 ||| DRINKING 2 ruby potions.
  2388 | D:2      | 2388 ||| Stepping ~*~*~tactically~*~*~ (stealth).
  2392 | D:2      | 2392 ||| Stepping ~*~*~tactically~*~*~ (stealth).
  2497 | D:2      | 2497 ||| READING 2 scrolls of identify.
  2497 | D:2      | 2497 ||| IDENTIFYING bubbling ruby potion
  2498 | D:2      | 2498 ||| DROPPING potion of berserk rage.
  2507 | D:3      | 2507 ||| PLANNING SEWER
  2528 | D:3      | 2528 ||| Stepping ~*~*~tactically~*~*~ (stealth).
  2569 | D:3      | Found a glowing drain.
  2578 | D:3      | 2578 ||| READING scroll labelled LUDWIQUHI.
  2698 | Sewer    | Entered a sewer
  2777 | Sewer    | Noticed a water moccasin
  2782 | Sewer    | Killed a water moccasin
  2783 | Sewer    | Reached skill level 7 in Axes
  2783 | Sewer    | Reached XP level 5. HP: 31/45 MP: 4/4
  3016 | D:3      | 3016 ||| PLANNING D:1-11
  3247 | D:3      | 3247 ||| Stepping ~*~*~tactically~*~*~ (stealth).
  3249 | D:3      | 3249 ||| Stepping ~*~*~tactically~*~*~ (stealth).
  3260 | D:3      | 3260 ||| DROPPING +0 whip.
  3320 | D:3      | Found Ykustroa's Antique Weapon Shoppe.
  3365 | D:3      | Noticed Pargi
  3385 | D:3      | HP: 11/46 [Pargi (1)]
  3386 | D:3      | 3386 ||| READING scroll of teleportation.
  3710 | D:3      | Killed Pargi
  3711 | D:3      | Reached XP level 6. HP: 46/52 MP: 5/5
  3828 | D:3      | 3828 ||| UPGRADING to amulet of guardian spirit.
  3833 | D:3      | 3833 ||| READING scroll labelled GOMASA GULADD.
  3834 | D:3      | 3834 ||| DRINKING 2 puce potions.
  3878 | D:3      | 3878 ||| READING 4 scrolls of identify.
  3878 | D:3      | 3878 ||| IDENTIFYING fuming brown potion
  3879 | D:3      | 3879 ||| READING 3 scrolls of identify.
  3879 | D:3      | 3879 ||| IDENTIFYING glowing inky potion
  3880 | D:3      | 3880 ||| READING 2 scrolls of identify.
  3880 | D:3      | 3880 ||| IDENTIFYING sedimented amethyst potion
  3881 | D:3      | 3881 ||| DROPPING potion of attraction.
  3882 | D:3      | 3882 ||| DROPPING potion of lignification.
  3883 | D:3      | 3883 ||| DROPPING potion of magic.
  4144 | D:4      | 4144 ||| Stepping ~*~*~tactically~*~*~ (stealth).
  4149 | D:4      | 4149 ||| Stepping ~*~*~tactically~*~*~ (stealth).
  4150 | D:4      | 4150 ||| Stepping ~*~*~tactically~*~*~ (stealth).
  4269 | D:4      | 4269 ||| Stepping ~*~*~tactically~*~*~ (stealth).
  4282 | D:4      | 4282 ||| Stepping ~*~*~tactically~*~*~ (stealth).
  4297 | D:4      | 4297 ||| Stepping ~*~*~tactically~*~*~ (stealth).
  4304 | D:4      | 4304 ||| Stepping ~*~*~tactically~*~*~ (stealth).
  4306 | D:4      | 4306 ||| Stepping ~*~*~tactically~*~*~ (stealth).
  4307 | D:4      | 4307 ||| Stepping ~*~*~tactically~*~*~ (stealth).
  4392 | D:4      | Reached skill level 8 in Axes
  4582 | D:4      | 4582 ||| Stepping ~*~*~tactically~*~*~ (hiding).
  4583 | D:4      | 4583 ||| Stepping ~*~*~tactically~*~*~ (hiding).
  4584 | D:4      | 4584 ||| Stepping ~*~*~tactically~*~*~ (hiding).
  4585 | D:4      | 4585 ||| Stepping ~*~*~tactically~*~*~ (hiding).
  4592 | D:4      | Reached XP level 7. HP: 41/59 MP: 3/6
  4938 | D:4      | 4938 ||| UPGRADING to +0 chain mail.
  4948 | D:4      | 4948 ||| DROPPING +0 scale mail.
  4949 | D:4      | 4949 ||| READING 3 scrolls of identify.
  4949 | D:4      | 4949 ||| IDENTIFYING fuming golden potion
  4950 | D:4      | 4950 ||| READING 2 scrolls of identify.
  4950 | D:4      | 4950 ||| IDENTIFYING emerald potion
  4994 | D:5      | Entered Level 5 of the Dungeon
  4994 | D:5      | Noticed Ijyb
  4995 | D:5      | 4995 ||| Stepping ~*~*~tactically~*~*~ (hiding).
  5004 | D:5      | 5004 ||| DRINKING 3 potions of curing.
  5004 | D:5      | 5004 ||| (to cure confusion)
  5005 | D:5      | Killed Ijyb
  5007 | D:5      | HP: 13/59 [ice beast (10)]
  5008 | D:5      | 5008 ||| READING scroll of teleportation.
  5009 | D:5      | 5009 ||| DRINKING potion of heal wounds.
  5011 | D:5      | Noticed Edmund
  5016 | D:5      | HP: 9/55 [gnoll/+0 whip (5)]
  5017 | D:5      | HP: 4/55 [Edmund/+0 flail of draining (5)]
  5018 | D:5      | Slain by Edmund

Levels and vault maps discovered:
D:1:      minmay_arrival_shattered_statue, layout_basic,
          dreamdust_ecumenical_altar_hidden_monk_grotto, minmay_tromino_i4
D:2:      layout_basic
D:3:      wander_river, layout_basic, serial_shops, shop, portal_sewer_entry_f,
          uniq_pargi
D:4:      layout_loops_corners, minmay_manual_mess
D:5:      layout_rooms, grunt_temple_overflow_opulence, uniq_edmund,
          uniq_sigmund, uniq_ijyb

Skill      XL: |  1  2  3  4  5  6 |
---------------+-------------------+-----
Axes           | 3 4 5 7 8 |  8.9
Dodging        | 1 |  1.0
Fighting       | 4 |  4.0
Throwing       | 2 |  2.4
Armour         | |  3.6
Shields        | |  3.6

Action                   |  1- 3 |  4- 6 |  7- 9 || total
-------------------------+-------+-------+-------++-------
Melee: War axe           |    95 |   126 |    21 ||   242
       Headbutt          |     7 |    17 |     4 ||    28
Throw: Javelin           |       |    27 |     2 ||    29
  Use: Scroll            |     2 |     9 |     3 ||    14
       Potion            |     1 |     2 |     2 ||     5
Armor: Scale mail        |    40 |    74 |       ||   114
       Chain mail        |       |       |    12 ||    12
Dodge: Dodged            |    29 |    59 |     6 ||    94
Block: Buckler           |    19 |    23 |     4 ||    46

Table legend:
 A = Non-vault XP
 B = Vault XP
 C = Vault XP percentage of total XP
 D = Non-vault monster count
 E = Vault monster count
 F = Vault count percentage of total count
                 A         B        C        D         E       F
            +---------+---------+-------+---------+---------+-------
      Total |     437 |     478 |  52.2 |      69 |      25 |  26.6
            +---------+---------+-------+---------+---------+-------
        D:1 |      50 |       7 |  12.3 |      16 |       3 |  15.8
        D:2 |      56 |       0 |   0.0 |      18 |       0 |   0.0
        D:3 |      47 |     152 |  76.4 |      17 |       6 |  26.1
        D:4 |     271 |     120 |  30.7 |      17 |       8 |  32.0
        D:5 |      13 |      38 |  74.5 |       1 |       1 |  50.0
      Sewer |       0 |     161 | 100.0 |       0 |       7 | 100.0
            +---------+---------+-------+---------+---------+-------
